 Dungeon Crawl Stone Soup version 0.27-a0-1334-g2746e35aca (webtiles) character file.

Game seed: 8414564103022854988

179 Delamore the Sneak (level 5, -1/36 HPs)
             Began as an Octopode Brigand on June 26, 2021.
             Slain by a gnoll (12 damage)
             ... on level 3 of the Dungeon.
             The game lasted 00:04:06 (3590 turns).

Delamore the Sneak (Octopode Brigand)               Turns: 3590, Time: 00:04:06

Health: -1/36      AC:  1    Str: 10    XL:     5   Next: 59%
Magic:  5/5        EV: 12    Int: 13    God:
Gold:   87         SH:  0    Dex: 15    Spells: 4/4 levels left

rFire    . . .     SeeInvis .   a - +2 dagger
rCold    . . .     Faith    .   (no shield)
rNeg     . . .     Spirit   .   (helmet restricted)
rPois    .         Reflect  .   (no amulet)
rElec    .         Harm     .   (no ring)
rCorr    .         Rampage  .   (no ring)
Will     .....                  (no ring)
Stlth    ++++......             (no ring)
HPRegen  0.12/turn              (no ring)
MPRegen  0.09/turn              (no ring)
                                (no ring)
                                (no ring)

@: no status effects
A: almost no armour, amphibious, 8 rings, camouflage 1, gelatinous body 1,
(nimble swimmer 1), tentacles
a: no special abilities


You were on level 3 of the Dungeon.
You visited 1 branch of the dungeon, and saw 3 of its levels.

You collected 87 gold pieces.

Inventory:

Hand Weapons
 a - a +2 dagger (weapon)
Missiles
 b - 42 poisoned darts
 j - 3 javelins
 m - 2 curare-tipped darts (quivered)
Armour
 d - a +0 kite shield
Scrolls
 f - 2 scrolls of identify {unknown}
 i - a scroll of noise {unknown}
 k - a scroll of teleportation {unknown}
 l - a scroll of silence {unknown}
 n - a scroll of magic mapping {unknown}
Potions
 c - a potion of mutation {unknown}
 e - a potion of haste {unknown}
 g - 2 potions of brilliance {unknown}
 h - 2 potions of curing {unknown}


   Skills:
 + Level 3.0 Fighting
 * Level 3.9 Short Blades
 - Level 2.0 Throwing
 - Level 1.0 Dodging
 + Level 6.3 Stealth
 - Level 1.6 Shields


You had 4 spell levels left.
You didn't know any spells.
Your spell library contained the following spells:

 Spells                   Type           Power      Damage    Failure   Level
 Magic Dart               Conj           0%         1d3       30%         1
 Searing Ray              Conj           0%         3d3       43%         2
 Dazzling Flash           Conj/Hex       0%         N/A       67%         3
 Fulminant Prism          Conj/Hex       0%         3d6       97%         4
 Iskenderun's Mystic Bla  Conj/Tloc      0%         2d3       97%         4


Dungeon Overview and Level Annotations

Branches:
Dungeon (3/15)

Altars:
Trog


Innate Abilities, Weirdness & Mutations

You cannot wear most types of armour.
You are amphibious.
You can wear up to eight rings at the same time.
Your skin changes colour to match your surroundings (Stealth+).
Your rubbery body absorbs attacks. (AC +1, EV +1)
((You are camouflaged near water. (Stealth+)))
You have tentacles for arms and can constrict up to eight enemies at once.


Message History

You hit the endoplasm but do no damage. You squeeze the endoplasm.
You kill the endoplasm!
A gnoll comes into view. It is wielding a +0 flail.
A gnoll comes into view. It is wielding a +0 spear.
Found a scroll labelled OHAOLIDOSHRE.
An endoplasm comes into view.
The gnoll shouts! x2
The gnoll closely misses you.
The gnoll shouts!
The endoplasm quivers.
The gnoll shouts!
You hit the gnoll but do no damage. You grab the gnoll.
You constrict the gnoll, but do no damage.
The gnoll barely misses you.
You hit the gnoll.
The gnoll is lightly wounded.
You constrict the gnoll. The gnoll hits you with a +0 spear.
You barely miss the gnoll.
The gnoll is moderately wounded.
You constrict the gnoll. You hit the gnoll but do no damage.
You squeeze the gnoll.
The gnoll is almost dead.
You constrict the gnoll.
You kill the gnoll!
You completely miss the gnoll. You grab the gnoll.
You constrict the gnoll, but do no damage.
The gnoll hits you from afar with a +0 spear!
The gnoll hits you with a +0 flail! The gnoll hits you with a +0 flail.
* * * LOW HITPOINT WARNING * * *
You release your grip on the gnoll.
You hear the brisk rusting of a drain.
The endoplasm jiggles.
You hear the brisk rusting of a very distant drain.
You see here a +0 hand axe.
There is a stone staircase leading up here.
You hear the quick rusting of a drain very nearby.
The gnoll misses you. The gnoll hits you with a +0 flail!
The gnoll hits you with a +0 flail!
You die...

##.........).....
#................
#............###.
#................
#.............#..
#...g.........#..
#...####.........
#####....# #.......##
#...@g...# #.........
#.###....###.........
#.# #................
#.# #..............##
#.# #####............
#.# #.....#####.. #.#
#.....#...... #.#
#.....#.....# #.#
#.....#.....#


You could see 2 gnolls.

Vanquished Creatures
  Ijyb (D:2)
  7 adders
  A gnoll (D:3)
  A worm (D:2)
  4 dart slugs
  6 orcs (D:3)
  5 endoplasms
  2 giant cockroaches
  14 goblins
  3 hobgoblins
  4 jackals (D:2)
  2 quokkas
  4 ball pythons
  2 bats (D:1)
  A frilled lizard (D:3)
  2 kobolds (D:1)
  3 rats
62 creatures vanquished.

Notes
Turn   | Place    | Note
-------+----------+-------------------------------------------
     0 | D:1      | Delamore the Octopode Brigand began the quest for the Orb.
     0 | D:1      | Reached XP level 1. HP: 14/14 MP: 1/1
   254 | D:1      | Found a faded altar of an unknown god.
   289 | D:1      | Reached XP level 2. HP: 19/19 MP: 2/2
   895 | D:2      | Reached XP level 3. HP: 9/25 MP: 3/3
  1173 | D:2      | Found a bloodstained altar of Trog.
  1584 | D:2      | Reached skill level 1 in Shields
  1728 | D:2      | Reached XP level 4. HP: 19/30 MP: 4/4
  2264 | D:2      | Reached skill level 6 in Stealth
  2413 | D:2      | Noticed Ijyb
  2785 | D:2      | Killed Ijyb
  2786 | D:2      | Reached XP level 5. HP: 6/36 MP: 5/5
  3590 | D:3      | Slain by a gnoll

Illustrated notes

Levels and vault maps discovered:
D:1:      dpeg_arrival_stone_temple_mockup, layout_basic,
          ebering_ecumenical_altar_hall
D:2:      kennysheep_the_goblin_king, layout_basic, basic_altar,
          minmay_quantized
D:3:      layout_basic, portal_sewer_entry_d, minmay_misc_feat_tiny

Skill      XL: |  1  2  3  4  5 |
---------------+----------------+-----
Short Blades   | 3 |  3.9
Shields        | 1 |  1.6
Stealth        | 6 |  6.3
Fighting       | 3 |  3.0
Throwing       | |  2.0
Dodging        | |  1.0

Action                   |  1- 3 |  4- 6 || total
-------------------------+-------+-------++-------
Melee: Dagger            |    50 |    98 ||   148
       Constrict         |    11 |    18 ||    29
       Tentacles         |     8 |    14 ||    22
Throw: Dart              |       |     2 ||     2
 Stab: Sleeping          |    11 |     8 ||    19
Armor: Skin              |     4 |    17 ||    21
Dodge: Dodged            |    23 |    34 ||    57

Table legend: (Time is in decaauts)
 A = Elapsed time spent in this place.
 B = Non-inter-level travel time spent in this place.
 C = Inter-level travel time spent in this place.
 D = Time resting spent in this place.
 E = Time spent auto-exploring this place.
 F = Levels seen in this place.
 G = Mean time per level.
                   A        B        C        D        E       F      G
               +--------+--------+--------+--------+--------+-----+--------+
         Total |   3569 |   3514 |     55 |   1255 |   1613 |   3 | 1189.7 |
       Dungeon |   3569 |   3514 |     55 |   1255 |   1613 |   3 | 1189.7 |
               +--------+--------+--------+--------+--------+-----+--------+

Top non-repeatable levels by time:
     D:1: 1666 daAuts
     D:2: 1382 daAuts
     D:3: 520 daAuts
